 Dungeon Crawl Stone Soup version 0.30-a0-924-g0ad0bf95bc (webtiles) character file.

Game seed: 16302282358989211884

2209 Iniera the Destroyer (level 9, -7/56 (59) HPs)
             Began as a Demonspawn Conjurer on Mar 22, 2023.
             Was an Initiate of Vehumet.
             Mangled by a wight
             ... wielding a +3 hand axe
              (9 damage)
             ... on level 7 of the Dungeon.
             The game lasted 00:11:38 (7719 turns).

Iniera the Destroyer (Demonspawn Conjurer)          Turns: 7719, Time: 00:11:39

HP:   -7/56 (59)    AC:  4    Str:  8    XL:     9   Next: 13%
MP:   3/17          EV: 12    Int: 24    God:    Vehumet [......]
Gold: 303           SH:  4    Dex: 17    Spells: 8/19 levels left

rFire   . . .      SeeInvis .    m - +2 quarterstaff
rCold   . . .      Faith    .    (shield currently unavailable)
rNeg    . . .      Spirit   .    a - +0 robe
rPois   .          Reflect  .    (no helmet)
rElec   .          Rampage  .    l - +0 cloak
rCorr   .                        (no gloves)
Will    .....                    h - +0 pair of boots
Stlth   ++                       (no amulet)
HPRegen 0.29/turn                v - +6 ring of dexterity
MPRegen 0.15/turn                (no ring)

@: drained
A: demonic guardian 1, condensation shield, demonic touch 1
a: Renounce Religion


You were on level 7 of the Dungeon.
You worshipped Vehumet.
Vehumet was noncommittal.
You visited 2 branches of the dungeon, and saw 8 of its levels.

You collected 372 gold pieces.
You spent 69 gold pieces at shops.

Inventory:

Hand Weapons
 m - a +2 quarterstaff (weapon)
Missiles
 d - 2 throwing nets
Armour
 a - a +0 robe (worn)
 h - a +0 pair of boots (worn)
 l - a +0 cloak (worn)
Jewellery
 v - a +6 ring of dexterity (left hand)
Wands
 k - a wand of digging (5)
 n - a wand of quicksilver (8)
 s - a wand of charming (5)
 w - a wand of flame (15)
Scrolls
 c - 3 scrolls of teleportation
 e - 3 scrolls of amnesia
 i - 2 scrolls of silence
 j - 4 scrolls of blinking
 x - a scroll of identify
Potions
 b - a potion of magic
 f - 2 potions of heal wounds {unknown}
 o - 3 potions of brilliance
 p - 2 potions of curing
 q - 2 potions of berserk rage
 r - 2 potions of might
 t - a potion of ambrosia
 u - a potion of cancellation {unknown}


   Skills:
 + Level 1.3 Fighting
 - Level 2.1 Staves
 + Level 2.2 Dodging
 - Level 1.7 Stealth
 + Level 5.6 Spellcasting
 * Level 8.6 Conjurations
 - Level 4.4 Hexes
 - Level 4.0 Translocations


You had 8 spell levels left.
You knew the following spells:

 Your Spells              Type           Power      Damage    Failure   Level
a - Magic Dart            Conj           100%       1d8       1%          1
b - Searing Ray           Conj           96%        2d7       1%          2
c - Fulminant Prism       Conj/Hex       19%        3d11      5%          4
d - Iskenderun's Mystic   Conj/Tloc      37%        2d9       6%          4

Your spell library contained the following spells:

 Spells                   Type           Power      Damage    Failure   Level
 Dazzling Flash           Conj/Hex       76%        N/A       1%          3
 Ensorcelled Hibernation  Hex/Ice        34%        N/A       4%          2
 Sticky Flame             Conj/Fire      27%        2d5       14%         4
 Ignite Poison            Fire/Tmut/Pois 6%         N/A       26%         3
 Spider Form              Tmut/Pois      6%         N/A       26%         3
 Anguish                  Hex/Necr       8%         N/A       32%         4
 Ignition                 Fire           3%         3d4       100%        8
 Chain Lightning          Conj/Air       13%        3d18      100%        9
 Fire Storm               Conj/Fire      13%        8d4       100%        9
 Shatter                  Erth           3%         3d7*      100%        9


Dungeon Overview and Level Annotations

Branches:
Dungeon (7/15)             Temple (1/1) D:6

Altars:
Ashenzari
Fedhas
Gozag
Kikubaaqudgha
Makhleb
Okawaru
Qazlal
Ru
Sif Muna
Trog
Uskayaw
Vehumet
Wu Jian
Xom
Yredelemnul

Shops:
D:3 *


Innate Abilities, Weirdness & Mutations

A weak demonic guardian rushes to your aid.
A meltable shield of frost defends you. (SH +4)
Your touch may inflict minor irresistible damage on your foes.


Message History

Unknown command.
Casting: Iskenderun's Mystic Blast (dangerous; 6% risk of failure)
Confirm with . or Enter, or press ? or * to list all spells.
You erupt in a blast of force!
The mystic blast hits the wight!
The wight is severely damaged.
The wight is knocked back by the mystic blast.
The wight slams into the rock wall!
The mystic blast hits the gnoll!
You kill the gnoll!
Vehumet accepts your kill.
The mystic blast hits the gnoll.
The gnoll is severely wounded.
The gnoll is knocked back by the mystic blast.
Your life force feels restored.
Unknown command.
Casting: Iskenderun's Mystic Blast (dangerous; 6% risk of failure)
Confirm with . or Enter, or press ? or * to list all spells.
You don't have enough magic to cast this spell.
You hit the wight but do no damage.
The wight is severely damaged.
The wight hits you with a +3 hand axe!
Casting: Iskenderun's Mystic Blast (dangerous; 6% risk of failure)
Confirm with . or Enter, or press ? or * to list all spells.
Okay, then.
The wight attacks as you move away! The wight hits you with a +3 hand axe.
The gnoll barely misses you.
You open the door. You block the gnoll's attack.
The wight hits you with a +3 hand axe.
You feel drained. The wight closely misses you.
The wight attacks as you move away! The wight hits you with a +3 hand axe!
* * * LOW HITPOINT WARNING * * *
You feel drained.
* * * LOW HITPOINT WARNING * * *
The gnoll hits you from afar with a +0 halberd!
* * * LOW HITPOINT WARNING * * *
A demonic guardian appears!
There is an open door, spattered with blood here.
As you read the scroll of fear, it crumbles to dust.
You assume a fearsome visage.
The wight is unaffected. x3
The gnoll looks frightened!
The wight hits you with a +3 hand axe!
You die...

######## ###
########......# ..#
#.....5'......# ..#
....#......#......# ..#
.....#..###@#......##
..####....#..#.zz........#
.....#....#..'...........#
.....#....#..#.z...g.....'
.[...#....#..#.....).....#
.....#....#..#....########
.....'....#..#...)#.....#
.....#....#..#....'.....#
######....####....#########


You could see 3 wights, a gnoll (fleeing) and a friendly white imp (summoned).

Vanquished Creatures
  Prince Ribbit (D:5)
  4 yaks (D:5)
  2 water moccasins
  An orc warrior (D:7)
  2 black bears
  A phantom (D:4)
  A scorpion (D:5)
  3 howler monkeys
  A hound (D:4)
  A jelly (D:5)
  Crazy Yiuf (D:2)
  2 orc priests
  3 iguanas
  A sleepcap (D:6)
  9 orc wizards
  3 adders
  A gnoll (D:7)
  A shadow imp (D:6)
  2 white imps
  An ufetubus (D:5)
  2 dart slugs
  10 orcs
  8 endoplasms
  4 giant cockroaches
  8 goblins
  8 hobgoblins
  2 jackals (D:3)
  3 quokkas
  6 ball pythons
  3 bats
  2 frilled lizards (D:2)
  14 kobolds
  5 rats
116 creatures vanquished.

Vanquished Creatures (collateral kills)
  A howler monkey (D:5)
  An orc (D:5)
2 creatures vanquished.

Vanquished Creatures (others)
  4 fulminant prisms
4 creatures vanquished.

Grand Total: 122 creatures vanquished

Notes
Turn   | Place    | Note
-------+----------+-------------------------------------------
     0 | D:1      | Iniera the Demonspawn Conjurer began the quest for the Orb.
     0 | D:1      | Reached XP level 1. HP: 13/13 MP: 3/3
   229 | D:1      | Gained mutation: A meltable shield of frost defends you.
                  | (SH +4) [demonic ancestry]
   229 | D:1      | Reached XP level 2. HP: 19/19 MP: 0/5
   232 | D:1      | Learned a level 2 spell: Searing Ray
   975 | D:1      | Gained mutation: Your touch may inflict minor irresistible
                  | damage on your foes. [demonic ancestry]
   975 | D:1      | Reached XP level 3. HP: 24/24 MP: 3/6
  1287 | D:2      | Reached skill level 5 in Conjurations
  1465 | D:2      | Found a faded altar of an unknown god.
  1465 | D:2      | Noticed an orange demon
  2242 | D:2      | Found a runed translucent door.
  2243 | D:2      | Noticed Crazy Yiuf
  2343 | D:2      | Killed Crazy Yiuf
  2344 | D:2      | Reached XP level 4. HP: 18/30 MP: 2/7
  3077 | D:3      | Found Uqad Amm's Assorted Antiques.
  3082 | D:3      | Bought a golden potion for 23 gold pieces
  3082 | D:3      | Bought a fuming dark potion for 23 gold pieces
  3082 | D:3      | Bought a cyan potion for 23 gold pieces
  3404 | D:4      | Reached XP level 5. HP: 35/35 MP: 0/9
  3570 | D:4      | Reached skill level 1 in Staves
  3655 | D:4      | Reached skill level 6 in Conjurations
  3855 | D:4      | Noticed a phantom
  3862 | D:4      | Killed a phantom
  3863 | D:4      | Reached XP level 6. HP: 41/41 MP: 2/10
  4313 | D:4      | Learned a level 4 spell: Fulminant Prism
  4318 | D:4      | Learned a level 4 spell: Iskenderun's Mystic Blast
  4327 | D:5      | Entered Level 5 of the Dungeon
  4327 | D:5      | Noticed Prince Ribbit
  4338 | D:5      | Killed Prince Ribbit
  4339 | D:5      | Reached skill level 1 in Hexes
  4339 | D:5      | Reached skill level 1 in Translocations
  4447 | D:5      | Found a hide-covered altar of Uskayaw.
  4565 | D:5      | Noticed a water moccasin
  4570 | D:5      | Killed a water moccasin
  4571 | D:5      | Reached skill level 7 in Conjurations
  4571 | D:5      | Gained mutation: A weak demonic guardian rushes to your
                  | aid. [demonic ancestry]
  4571 | D:5      | Reached XP level 7. HP: 46/46 MP: 6/12
  5236 | D:5      | Found an iron altar of Okawaru.
  5734 | D:6      | Noticed a yak
  5734 | D:6      | Noticed a yak
  5734 | D:6      | Noticed a yak
  5734 | D:6      | Noticed a yak
  5743 | D:5      | Killed a yak
  5822 | D:6      | Reached XP level 8. HP: 30/52 MP: 6/14
  6256 | D:6      | Found a staircase to the Ecumenical Temple.
  6265 | Temple   | Entered the Ecumenical Temple
  6738 | D:5      | Reached skill level 5 in Spellcasting
  6738 | D:5      | Reached skill level 8 in Conjurations
  7198 | D:6      | Found a radiant altar of Vehumet.
  7206 | D:6      | Reached XP level 9. HP: 47/58 MP: 14/17
  7209 | D:6      | Became a worshipper of Vehumet
  7246 | D:6      | Found an ancient bone altar of Kikubaaqudgha.
  7285 | D:6      | Found a shimmering blue altar of Sif Muna.
  7400 | D:6      | Found a broken altar of Ashenzari.
  7473 | D:7      | Reached skill level 1 in Fighting
  7718 | D:7      | HP: 2/56 [gnoll/+0 halberd[a gnoll sergeant] (13)]
  7719 | D:7      | Mangled by a wight

Illustrated notes

Levels and vault maps discovered:
D:1:      dpeg_arrival_pits, layout_basic
D:2:      minmay_chambers_of_ones, layout_loops_corners,
          dreamdust_ecumenical_altar_sealed_demon, uniq_crazy_yiuf_cottage
D:3:      layout_loops_ring, serial_shops, nicolae_shop_hallway_stairs
D:4:      kennysheep_the_goblin_king, layout_cave_pools, minmay_small_thing
D:5:      layout_loops_cross, okawaru_metal_pillars_1_2,
          mainiacjoe_overflow_brackets, uniq_prince_ribbit1
D:6:      hellmonk_crumbling_castle, layout_rooms, palyth_temple_overflow_mages,
          lemuel_round_altar, minmay_temple_entry_purple_smoke
D:7:      layout_gridville
Temple:   hellmonk_temple_micro_hex

Skill      XL: |  1  2  3  4  5  6  7  8  9 |
---------------+----------------------------+-----
Conjurations   | 5 6 7 8 |  8.6
Staves         | 1 2 |  2.1
Spellcasting   | 3 4 5 |  5.6
Hexes          | 1 2 4 |  4.4
Translocations | 1 2 4 |  4.0
Dodging        | 2 |  2.2
Fighting       | 1 |  1.3
Stealth        | |  1.7

Action                     |  1- 3 |  4- 6 |  7- 9 || total
---------------------------+-------+-------+-------++-------
  Melee: Unarmed           |     4 |       |       ||     4
         Whip              |    17 |       |       ||    17
         Touch             |     2 |       |       ||     2
         Quarterstaff      |       |    22 |    38 ||    60
   Cast: Magic Dart        |    71 |    57 |    91 ||   219
         Searing Ray       |     3 |     5 |    20 ||    28
         Fulminant Prism   |       |       |     4 ||     4
         Iskenderun's Myst |       |       |     2 ||     2
    Use: Scroll            |       |    12 |     7 ||    19
         Potion            |       |       |     1 ||     1
 Armour: Robe              |     3 |     7 |    14 ||    24
  Dodge: Dodged            |    17 |    17 |    33 ||    67
  Block: Other             |     3 |     5 |    16 ||    24

Table legend: (Time is in decaauts)
 A = Elapsed time spent in this place.
 B = Non-inter-level travel time spent in this place.
 C = Inter-level travel time spent in this place.
 D = Time resting spent in this place.
 E = Time spent auto-exploring this place.
 F = Levels seen in this place.
 G = Mean time per level.
                   A        B        C        D        E       F      G
               +--------+--------+--------+--------+--------+-----+--------+
         Total |   7739 |   7412 |    327 |    918 |   5656 |   8 |  967.4 |
       Dungeon |   7737 |   7411 |    326 |    918 |   5656 |   7 | 1105.3 |
        Temple |      1 |      1 |      0 |      0 |      0 |   1 |    1.0 |
               +--------+--------+--------+--------+--------+-----+--------+

Top non-repeatable levels by time:
     D:5: 1749 daAuts
     D:2: 1309 daAuts
     D:4: 1284 daAuts
     D:1: 1192 daAuts
     D:6: 1061 daAuts
     D:3: 881 daAuts
     D:7: 259 daAuts
  Temple: 1 daAuts
